 Dungeon Crawl Stone Soup version 0.25-a0-62-g88673ef095 (webtiles) character file.

Game seed: 3305675428682581939, levelgen mode: deterministic

28 Menyet the Grasshopper (level 3, -1/18 HPs)
             Began as a Spriggan Warper on Oct 28, 2019.
             Slain by an orc
             ... wielding a +0 flail
              (6 damage)
             ... on level 6 of the Dungeon on Oct 31, 2019.
             The game lasted 00:08:55 (1372 turns).

Menyet the Grasshopper (Spriggan Warper)            Turns: 1372, Time: 00:08:56

Health: -1/18      AC:  2    Str:  7    XL:     3   Next: 0%
Magic:  7/8        EV: 19    Int: 14    God:
Gold:   24         SH:  0    Dex: 16    Spells: 4/8 levels left

rFire    . . .     SeeInvis +   a - +0 short sword
rCold    . . .     Gourm    .   (shield restricted)
rNeg     . . .     Faith    .   b - +0 robe
rPois    .         Spirit   .   (helmet restricted)
rElec    .         Reflect  .   (no cloak)
rCorr    .         Harm     .   (gloves unavailable)
MR       .....                  (boots unavailable)
Stlth    ++........             (no amulet)
HPRegen  0.06/turn              (no ring)
MPRegen  0.11/turn              (no ring)

@: very quick
A: very small, unfitting armour, see invisible, herbivore, speed 3, slow
metabolism 2
a: no special abilities


You were on level 6 of the Dungeon.
You were not hungry.

You visited 1 branch of the dungeon, and saw 4 of its levels.

You collected 24 gold pieces.

Inventory:

Hand Weapons
 a - a +0 short sword (weapon)
 e - a +0 short sword
 g - a +0 dagger
Missiles
 h - 10 bolts
Armour
 b - a +0 robe (worn)
Scrolls
 d - a scroll of blinking
 k - 2 scrolls of identify {unknown}
Potions
 c - a potion of lignification {unknown}
 i - a potion of haste {unknown}
 j - a potion of flight {unknown}
Comestibles
 f - 3 rations


   Skills:
 + Level 1.7 Fighting
 + Level 2.5 Short Blades
 + Level 1.0 Throwing
 + Level 4.1 Dodging
 + Level 0.9 Stealth
 + Level 3.1 Spellcasting
 + Level 0.2 Charms
 + Level 4.6 Translocations


You had 4 spell levels left.
You knew the following spells:

 Your Spells              Type           Power        Failure   Level  Hunger
a - Shroud of Golubria    Chrm/Tloc      #.....       12%         2    ##.....
b - Blink                 Tloc           N/A          4%          2    ##.....

Your spell library contained the following spells:

 Spells                   Type           Power        Failure   Level  Hunger
 Gell's Gravitas          Tloc           ###.......   10%         3    ###....
 Lesser Beckoning         Tloc           ###.......   10%         3    ###....
 Teleport Other           Tloc           ###.....     10%         3    ###....
 Passage of Golubria      Tloc           N/A          30%         4    #####..


Dungeon Overview and Level Annotations

Branches:
Dungeon (4/15)
 Temple: D:4-7

Altars:

Annotations:
D:4 Pikel, Sigmund


Innate Abilities, Weirdness & Mutations

You are very small and have problems with some larger weapons.
You are too small for most types of armour.
You have supernaturally acute eyesight. (SInv)
You are a herbivore.
You cover ground extremely quickly.
You need to consume almost no food.


Message History

The orc barely misses you. The scorpion closely misses you.
You barely miss the scorpion. The orc completely misses you.
Your shroud bends the orc's attack away. x2
The scorpion misses you.
You hit the scorpion but do no damage. The orc closely misses you.
The scorpion closely misses you.
You hit the scorpion but do no damage. The orc closely misses you.
The scorpion closely misses you. The orc misses you.
The orc wizard hits you but does no damage.
Found a stone staircase leading down.
The orc hits you with a +0 flail.
* * * LOW HITPOINT WARNING * * *
Your shroud falls apart!
You closely miss the orc.
The orc is moderately wounded.
The orc closely misses you. x2
You barely miss the orc.
The orc is moderately wounded.
The orc hits you with a +0 flail.
You die...

,*,,,,,.,>,.###...,,,,,,,,,,,*,,,
,,,,,,...,*......,,,,,...,,,,,,,,
........#.*,....#*####...,,,,,,,*
..........###..$**.......,,,,,,,,
...............##*.......,,,,,,,,
................##.......,,,,***,
.......................>.,,,,,,,,
.#.##..........oo........,,,,,,,,
.#..#..........o@........,,,,**,*
...oo.........oso........,,,,,,**
.........................,,,,,,*
#..(......###............,,,,,**
##........# #............,,,,**
....#.....#*#..#####.....,,,,,*
....###....#...#* *#....,,,,***
.....,##........* ***....,,,,,,*
...#.#*...##.#.##**,,,,,,,,,,***


You could see a scorpion, an orc wizard (invisible) and 4 orcs.

Vanquished Creatures
  2 leopard geckos
  5 bats
  2 giant cockroaches (D:1)
  4 goblins (D:1)
  3 hobgoblins
  3 kobolds (D:1)
  A frilled lizard (D:1)
  2 rats (D:1)
22 creatures vanquished.

Notes
Turn   | Place    | Note
-------+----------+-------------------------------------------
     0 | D:1      | Menyet the Spriggan Warper began the quest for the Orb.
     0 | D:1      | Reached XP level 1. HP: 10/10 MP: 5/5
   182 | D:1      | Reached XP level 2. HP: 5/14 MP: 6/6
   414 | D:1      | Learned a level 2 spell: Shroud of Golubria
   417 | D:1      | Learned a level 2 spell: Blink
   736 | D:1      | Upgraded the game from 0.25-a0-59-gf342c8b036 to
                  | 0.25-a0-62-g88673ef095
  1287 | D:2      | You fall into a shaft and drop 2 floors!
  1288 | D:4      | Noticed Sigmund
  1297 | D:4      | Noticed a scorpion
  1301 | D:4      | Noticed Pikel
  1315 | D:4      | Noticed a slave
  1315 | D:4      | Noticed a slave
  1317 | D:4      | Noticed a slave
  1321 | D:4      | Noticed a slave
  1322 | D:4      | You fall into a shaft and drop 2 floors!
  1331 | D:6      | Noticed a scorpion
  1348 | D:6      | Reached XP level 3. HP: 8/18 MP: 8/8
  1372 | D:6      | Slain by an orc

Levels and vault maps discovered:
D:1:      wander_arrival_abandoned_jail, layout_basic
D:2:      layout_basic, serial_undead, serial_undead_c, serial_undead_e,
          serial_undead_c, serial_undead_c, serial_undead_b, serial_undead_c,
          serial_undead_e, serial_undead_a, uniq_terence
D:4:      layout_basic, uniq_duvessa, uniq_pikel, uniq_sigmund
D:6:      layout_cave_pools, kennysheep_mini, serial_shops, shop,
          nicolae_shop_temple_entry_statues_fountains, shop, shop, shop

Skill      XL: |  1  2 |
---------------+-------+-----
Spellcasting   | 3 |  3.1
Dodging        | 4 |  4.1
Fighting       | |  1.7
Short Blades   | |  2.5
Throwing       | |  1.0
Stealth        | |  0.9
Charms         | |  0.2
Translocations | |  4.6

Action                   || total
-------------------------++-------
Melee: Short sword       ||    77
Throw: Boomerang         ||     5
 Cast: Shroud of Golubri ||     5
       Blink             ||     2
  Use: Scroll            ||     1
Armor: Robe              ||    13
Dodge: Dodged            ||    94

Table legend:
 A = Non-vault XP
 B = Vault XP
 C = Vault XP percentage of total XP
 D = Non-vault monster count
 E = Vault monster count
 F = Vault count percentage of total count
                 A         B        C        D         E       F
            +---------+---------+-------+---------+---------+-------
      Total |      41 |       0 |   0.0 |      22 |       0 |   0.0
            +---------+---------+-------+---------+---------+-------
        D:1 |      35 |       0 |   0.0 |      19 |       0 |   0.0
        D:2 |       3 |       0 |   0.0 |       2 |       0 |   0.0
        D:6 |       3 |       0 |   0.0 |       1 |       0 |   0.0
            +---------+---------+-------+---------+---------+-------
